 Dungeon Crawl Stone Soup version 0.29.0-15-g675c0067aa (webtiles) character file.

Game seed: 12779951044773620818

478 wakxed the Chopper (level 7, 0/61 HPs)
             Began as a Hill Orc Fighter on Sept 12, 2022.
             Was an Initiate of Okawaru.
             Slain by a wraith (4 damage)
             ... in an ossuary.
             The game lasted 00:12:56 (3904 turns).

wakxed the Chopper (Hill Orc Fighter)               Turns: 3904, Time: 00:12:57

Health: 0/61       AC: 12    Str: 21    XL:     7   Next: 11%
Magic:  7/7        EV:  6    Int:  8    God:    Okawaru [......]
Gold:   152        SH:  7    Dex: 10    Spells: 6/6 levels left

rFire   . . .      SeeInvis .   a - +0 war axe
rCold   . . .      Faith    .   c - +3 buckler
rNeg    . . .      Spirit   .   r - +0 plate armour
rPois   +          Reflect  .   (no helmet)
rElec   .          Harm     .   (no cloak)
rCorr   .          Rampage  .   (no gloves)
Will    .....                   (no boots)
Stlth   ..........              (no amulet)
HPRegen 0.20/turn               t - ring of poison resistance
MPRegen 0.10/turn               (no ring)

@: slowed, very slow
A: no striking features
a: Renounce Religion


You were in an ossuary.
You worshipped Okawaru.
Okawaru was noncommittal.
You visited 1 branch of the dungeon, and saw 4 of its levels.
You also visited: Ossuary.

You collected 152 gold pieces.

Inventory:

Hand Weapons
 a - a +0 war axe (weapon)
 b - a +2 dagger of holy wrath
Missiles
 f - 16 poisoned darts (quivered)
Armour
 c - a +3 buckler (worn)
 r - a +0 plate armour (worn)
Jewellery
 t - a ring of poison resistance (left hand)
Scrolls
 g - a scroll of fear
 i - 4 scrolls of teleportation
 j - a scroll of silence {unknown}
 k - a scroll of fog
 l - a scroll of acquirement {unknown}
 o - a scroll of amnesia {unknown}
 p - a scroll of brand weapon {unknown}
 s - a scroll of vulnerability
 v - a scroll of magic mapping {unknown}
Potions
 d - a potion of lignification {unknown}
 e - a potion of haste
 h - a potion of berserk rage {unknown}
 m - a potion of magic
 n - 3 potions of attraction
 q - 3 potions of curing {unknown}
 u - 2 potions of degeneration {unknown}
 w - a potion of brilliance {unknown}


   Skills:
 + Level 5.2 Fighting
 * Level 6.6 Axes
 + Level 4.7 Armour
 + Level 4.8 Shields


You had 6 spell levels left.
You didn't know any spells.
Your spell library contained the following spells:

 Spells                   Type           Power      Damage    Failure   Level
 Slow                     Hex            0%         N/A       100%        1
 Ensorcelled Hibernation  Hex/Ice        0%         N/A       100%        2
 Passwall                 Tmut/Erth      0%         N/A       100%        2
 Confusing Touch          Hex            0%         N/A       100%        3
 Dazzling Flash           Conj/Hex       0%         N/A       100%        3
 Swiftness                Air            0%         N/A       100%        3
 Vampiric Draining        Necr           0%         2d6       100%        3
 Iskenderun's Mystic Bla  Conj/Tloc      0%         2d3       100%        4
 Starburst                Conj/Fire      0%         6d3       100%        6


Dungeon Overview and Level Annotations

Branches:
Dungeon (4/15)            Ossuary (1/1)
 Temple: D:4-7

Altars:
Okawaru
Zin


Message History

The wraith hits you but does no damage. You block the wraith's attack.
You hit the wraith.
The wraith convulses.
The wraith is almost destroyed.
The wraith hits you but does no damage.
You hit the wraith but do no damage.
The wraith is almost destroyed.
You block the wraith's attack. The wraith hits you but does no damage.
You completely miss the wraith.
The wraith is almost destroyed.
The wraith hits you! The wraith drains your vigour!
You feel as though you will be slow longer.
You hit the wraith but do no damage.
The wraith is almost destroyed.
You block the wraith's attack. The wraith hits you but does no damage.
You hit the wraith but do no damage.
The wraith is almost destroyed.
The wraith hits you!
* * * LOW HITPOINT WARNING * * *
The wraith drains your vigour!
You feel as though you will be slow longer.
You barely miss the wraith.
The wraith is almost destroyed.
You block the wraith's attack. The wraith hits you.
* * * LOW HITPOINT WARNING * * *
The wraith drains your vigour!
You feel as though you will be slow longer.
Your +2 dagger of holy wrath stops glowing.
a - a +0 war axe (weapon)
The wraith hits you but does no damage.
You hit the wraith but do no damage.
The wraith is almost destroyed.
The wraith hits you!
* * * LOW HITPOINT WARNING * * *
Okay, then.
You can't see any enemies this would affect, really read the scroll of fear?
Okay, then.
You closely miss the wraith.
The wraith is almost destroyed.
You block the wraith's attack. The wraith hits you.
You die...

#########################
........................#
∩.....................∩.#
......#####+#####.......#
.....##.........##......#
....##...##'##...##.....#
...##...##...##W..##....#
...#...##.!!?.##@..#....#
...+...#.?!?.!.#...'....#
...#...##.!!?.##...#....#
...##...##...##...##....#
....##...#####...##.....#
.....##.........##......#
......#####+#####.......#
∩.....................∩.#
........................#


You could see a wraith.

Vanquished Creatures
  A black bear (D:4)
  A hound (D:4)
  2 jellies
  A gnoll bouda (D:4)
  An orc wizard (D:3)
  A mummy (Ossuary)
  4 adders
  7 gnolls
  4 worms
  3 dart slugs
  8 orcs (D:3)
  9 ball pythons
  9 bats
  7 endoplasms
  5 giant cockroaches
  9 goblins
  4 hobgoblins
  4 jackals (D:1)
  5 quokkas
  2 frilled lizards
  5 gnoll skeletons (Ossuary)
  6 kobolds
  9 kobold skeletons (Ossuary)
  11 orc skeletons (Ossuary)
  6 rats
124 creatures vanquished.

Notes
Turn   | Place    | Note
-------+----------+-------------------------------------------
     0 | D:1      | wakxed the Hill Orc Fighter began the quest for the Orb.
     0 | D:1      | Reached XP level 1. HP: 19/19 MP: 1/1
    39 | D:1      | Reached skill level 3 in Axes
   115 | D:1      | Reached XP level 2. HP: 25/27 MP: 2/2
   358 | D:1      | Reached XP level 3. HP: 31/33 MP: 3/3
  1090 | D:2      | Found a glowing silver altar of Zin.
  1097 | D:2      | Reached skill level 4 in Axes
  1134 | D:2      | Reached XP level 4. HP: 31/40 MP: 4/4
  2228 | D:3      | Reached XP level 5. HP: 46/47 MP: 5/5
  2424 | D:2      | Reached skill level 5 in Axes
  2744 | D:3      | Found an iron altar of Okawaru.
  2752 | D:3      | Became a worshipper of Warmaster Okawaru
  2996 | D:3      | Reached XP level 6. HP: 53/53 MP: 6/6
  3322 | D:4      | Noticed a black bear
  3346 | D:4      | Killed a black bear
  3347 | D:4      | Reached skill level 5 in Fighting
  3347 | D:4      | Reached skill level 6 in Axes
  3383 | D:4      | Reached XP level 7. HP: 44/61 MP: 7/7
  3614 | D:4      | Found a sand-covered staircase.
  3626 | Ossuary  | Entered an ossuary
  3626 | Ossuary  | Noticed a wraith
  3626 | Ossuary  | Noticed a wraith
  3626 | Ossuary  | Noticed a wraith
  3852 | Ossuary  | Noticed a wraith
  3903 | Ossuary  | HP: 3/61 [wraith (11)]
  3904 | Ossuary  | Slain by a wraith

Illustrated notes

Levels and vault maps discovered:
D:1:      heliophobic_arrival_henge, layout_basic
D:2:      layout_basic, basic_altar, nicolae_underground_beach
D:3:      layout_basic, okawaru_trees_1, skrybe_limestone_x
D:4:      layout_basic, lemuel_tele_altar, serial_forest,
          infiniplex_forest_end_3, infiniplex_forest_clump_double,
          infiniplex_forest_lined_3, infiniplex_forest_clump_cross,
          infiniplex_forest_end_2, infiniplex_forest_straight_5,
          infiniplex_forest_clump_double, nicolae_ossuary_entry_monument
Ossuary:  ossuary_due_mausoleum

Skill      XL: |  1  2  3  4  5  6 |
---------------+-------------------+-----
Axes           | 3 4 5 6 |  6.6
Fighting       | 4 5 |  5.2
Shields        | 4 |  4.8
Armour         | 4 |  4.7

Action                   |  1- 3 |  4- 6 |  7- 9 || total
-------------------------+-------+-------+-------++-------
Melee: War axe           |    85 |   175 |    47 ||   307
       Dagger            |       |       |    23 ||    23
  Use: Scroll            |     2 |     5 |     4 ||    11
       Potion            |       |     5 |       ||     5
Armor: Scale mail        |    26 |       |       ||    26
       Plate armour      |       |   100 |    35 ||   135
       Chain mail        |       |    17 |       ||    17
Dodge: Dodged            |    25 |    60 |    10 ||    95
Block: Buckler           |    13 |    30 |    33 ||    76
